 Dungeon Crawl Stone Soup version 0.21.0-3-g78d12a8 (webtiles) character file.

865 Monsterracer the Chopper (level 7, -1/62 HPs)
             Began as a Minotaur Chaos Knight on Jan 13, 2018.
             Slain by Pikel
             ... wielding a +1 whip of electrocution
              (3 damage)
             ... on level 6 of the Dungeon.
             The game lasted 00:05:33 (4776 turns).

Monsterracer the Chopper (Minotaur Chaos Knight)    Turns: 4776, Time: 00:05:34

Health: -1/62      AC:  7    Str: 20      XL:     7   Next: 72%
Magic:  2/2        EV: 10    Int: 11      God:    Xom [..*...]
Gold:   87         SH:  0    Dex:  9 (10) Spells: 6/6 levels left

rFire    . . .     SeeInvis .   a - +5 demon whip "Spellbinder" {antimagic, MR+}
rCold    + + .     Gourm    .   (no shield)
rNeg     + . .     Faith    .   o - +2 ring mail of Incorporation {rC+ rN+}
rPois    .         Spirit   .   (helmet restricted)
rElec    .         Reflect  .   (no cloak)
rCorr    .         Harm     .   h - +1 pair of gloves
MR       +....                  (no boots)
Stlth    ..........             (no amulet)
HPRegen  0.20/turn              f - +3 ring of evasion
MPRegen  0.08/turn              g - ring of protection from cold {!d}

@: no status effects
A: retaliatory headbutt, horns 2, clever 1, deformed body, strong 1
a: Renounce Religion


You were on level 6 of the Dungeon.
You worshipped Xom.
You were a toy of Xom.
You were very hungry.

You visited 1 branch of the dungeon, and saw 6 of its levels.

You collected 303 gold pieces.
You spent 216 gold pieces at shops.

Inventory:

Hand Weapons
 a - the +5 demon whip "Spellbinder" (weapon) {antimagic, MR+}
   (You found it on level 5 of the Dungeon)

   It reduces the magical energy of the wielder, and disrupts the spells and
   magical abilities of those hit.
   Natural abilities and divine invocations are not affected.
   It affects your resistance to hostile enchantments.
Armour
 h - a +1 pair of gloves (worn)
 o - the +2 ring mail of Incorporation (worn) {rC+ rN+}
   (You bought it in a shop on level 5 of the Dungeon)

   It protects you from cold.
   It protects you from negative energy.
 q - a +0 plate armour
Jewellery
 f - a +3 ring of evasion (left hand)
 g - a ring of protection from cold (right hand) {!d}
 i - an uncursed ring of ice
 k - an uncursed ring of flight
Wands
 p - a wand of digging (11)
Scrolls
 l - 5 scrolls of fog
 r - a scroll of teleportation
 t - a scroll of remove curse
Potions
 d - 3 potions of heal wounds
 e - a potion of curing
 s - a potion of flight
 u - 2 potions of haste
Comestibles
 c - 21 rations


   Skills:
 + Level 5.9 Fighting
   Level 7.4(7.5) Axes
 * Level 1.2(4.8) Maces & Flails
 + Level 5.2 Armour
 + Level 4.2 Dodging


You had 6 spell levels left.
You didn't know any spells.

Dungeon Overview and Level Annotations

Branches:
Dungeon (6/15)             Temple (0/1) D:5

Altars:
Okawaru
Xom
Zin

Shops:
D:5 [

Annotations:
D:6 Pikel


Innate Abilities, Weirdness & Mutations

You reflexively headbutt those who attack you in melee.
You have a pair of horns on your head.
Your mind is acute. (Int +2)
Armour fits poorly on your strangely shaped body.
Your muscles are strong. (Str +2)


Message History

You take 4 damage, and have 47/62 hp.
You miss the crimson imp. You headbutt the crimson imp!
You kill the crimson imp!
Your base Maces & Flails skill increases to level 1!
You thrash the slave!!
The slave is almost dead.
The slave looks even sicker. x2
Your toxic aura wanes.
The slave hits you but does no damage.
You barely miss the slave.
The slave is almost dead.
The slave barely misses you.
You whack the slave!
You kill the slave!
That felt strangely unrewarding.
You hit the slave.
The slave is almost dead.
The slave hits you.
You take 3 damage, and have 45/62 hp.
You miss the slave. You headbutt the slave.
You kill the slave!
That felt strangely unrewarding.
Unknown command.
Things that are here:
an animal skin x2
Pikel the Slaver comes into view.
He is wielding a whip of electrocution.
Pikel shouts!
You hear a shout!
Xom adds some personal touches to your environment.
You hit Pikel but do no damage. You hit Pikel.
Pikel is lightly wounded.
Pikel misses you. You furiously retaliate!
You headbutt Pikel! You whack Pikel!
Pikel is severely wounded.
Pikel hits you with a whip of electrocution!
You take 9 damage, and have 38/62 hp.
You closely miss Pikel.
Pikel is severely wounded.
Pikel barely misses you.
You completely miss Pikel. You headbutt Pikel, but do no damage.
Pikel is severely wounded.
Pikel hits you but does no damage.
You are electrocuted!
* * * LOW HITPOINT WARNING * * *
A slave comes into view.
You take 18 damage, and have 20/62 hp.
MASSIVE DAMAGE!!
You whack Pikel!
Pikel is almost dead.
Xom guffaws.
You attempt to intoxicate your foes!
Pikel looks rather confused.
The world spins around you!
Pikel gestures wildly.
The slave moves out of view.
Xom notices you.
You are caught in a localised field of spatial distortion.
* * * LOW HITPOINT WARNING * * *
You take 9 damage, and have 11/62 hp.
You hit the slave. Your headbutt misses the slave.
The slave is lightly wounded.
The slave hits you but does no damage.
You closely miss the slave.
You headbutt the slave, but do no damage.
The slave is lightly wounded.
The slave closely misses you. You furiously retaliate!
You headbutt the slave! You miss the slave.
The slave is moderately wounded.
You closely miss the slave.
The slave is moderately wounded.
The slave closely misses you.
You whack the slave! Your headbutt misses the slave.
The slave is severely wounded.
The slave hits you.
* * * LOW HITPOINT WARNING * * *
Pikel screams, "I'll kill you anyway!"
You take 2 damage, and have 9/62 hp.
You closely miss the slave. Your headbutt misses the slave.
The slave is severely wounded.
You almost hear Xom's maniacal laughter.
You momentarily stiffen.
The slave hits you but does no damage.
You thrash the slave!!
You kill the slave!
That felt strangely unrewarding.
Pikel ponders the situation.
Pikel seems less confused.
Things that are here:
an animal skin; a human corpse You butcher the human corpse.
Your magical contamination has completely faded away.
Things that are here:
an animal skin; 4 chunks of flesh You closely miss Pikel.
You headbutt Pikel.
Pikel is almost dead.
You hit Pikel.
Pikel is almost dead.
Pikel hits you but does no damage.
You are electrocuted!
* * * LOW HITPOINT WARNING * * *
You take 8 damage, and have 2/62 hp.
You closely miss Pikel.
Pikel is almost dead.
Pikel hits you with a whip of electrocution.
You die...

###### ##.... ##..$## #.#
##)....## #.# #...._..# #.#
#[......# #.# ....p..#.K.#.#
#.# #########@##.# #.#
#....[...#.# #.# ##
##.#####..#.# #.# .. #####..#
#..#.####.# .# #......#
#.........## .# #..≈≈≈.#
###..._<....#####.#
#..≈(≈.####..._....##(......#
#..≈≈≈......###.##.#####.>...
#......###..###..#.####...###


You could see Pikel.

Vanquished Creatures
  An ice beast (D:5)
  A phantom (D:5)
  4 slaves (D:6)
  2 scorpions (D:5)
  A crimson imp (D:6)
  A bullfrog zombie (D:5)
  2 quasits (D:5)
  A bullfrog skeleton (D:4)
  3 orc priests
  A hound (D:5)
  3 orc wizards (D:5)
  3 worker ants
  6 adders
  A worker ant zombie (D:6)
  2 worms
  3 dart slugs
  4 leopard geckos
  11 orcs
  3 ball pythons
  5 giant cockroaches
  A goblin (D:3)
  7 hobgoblins
  2 jackals (D:3)
  3 quokkas
  5 bats
  9 frilled lizards
  2 jackal skeletons (D:5)
  9 kobolds
  A quokka zombie (D:5)
  13 rats
110 creatures vanquished.

Notes
Turn   | Place    | Note
-------+----------+-------------------------------------------
     0 | D:1      | Monsterracer the Minotaur Chaos Knight began the quest for the Orb.
     0 | D:1      | Reached XP level 1. HP: 19/19 MP: 0/0
    80 | D:1      | XOM: divination: detect items
   100 | D:1      | XOM: noise
   105 | D:1      | HP: 10/20 [kobold/dagger (3)]
   133 | D:1      | Reached skill level 4 in Axes
   133 | D:1      | Reached XP level 2. HP: 15/27 MP: 1/1
   694 | D:1      | XOM: give mutation
   694 | D:1      | Gained mutation: Your mind is acute. (Int +2) [Xom's grace]
  1000 | D:2      | XOM: god gift: diamond ring {god gift}
  1013 | D:2      | XOM is BORED!
  1013 | D:2      | XOM: medium Hex miscast
  1077 | D:2      | Reached XP level 3. HP: 33/33 MP: 2/2
  1103 | D:2      | XOM: give mutations
  1103 | D:2      | Gained mutation: You are weak. (Str -2) [Xom's mischief]
  1103 | D:2      | Gained mutation: Armour fits poorly on your strangely shaped body. [Xom's mischief]
  1414 | D:2      | Found an iron altar of Okawaru.
  1571 | D:2      | XOM: god gift: blackened sapphire ring {god gift}
  1880 | D:3      | XOM: scenery: create altars
  1982 | D:3      | Reached XP level 4. HP: 40/40 MP: 3/3
  2286 | D:3      | XOM: 2-stop teleportation journey
  2408 | D:3      | XOM: mild Chrm miscast
  2550 | D:3      | Found a glowing silver altar of Zin.
  2775 | D:4      | XOM: god gift: leather armour {god gift}
  2778 | D:4      | XOM: give mutations
  2778 | D:4      | Lost mutation: You are weak. (Str -2) [Xom's grace]
  2778 | D:4      | Gained mutation: Your muscles are strong. (Str +2) [Xom's grace]
  2857 | D:4      | Reached skill level 5 in Axes
  2994 | D:4      | Reached XP level 5. HP: 47/47 MP: 4/4
  3298 | D:4      | XOM: harmless Pois miscast
  3399 | D:4      | XOM: scenery: create altars
  3443 | D:4      | You fall through a shaft!
  3443 | D:5      | Entered Level 5 of the Dungeon
  3443 | D:5      | Noticed a phantom
  3446 | D:5      | Found a staircase to the Ecumenical Temple.
  3473 | D:5      | Reached XP level 6. HP: 33/55 MP: 5/5
  3482 | D:5      | Reached skill level 5 in Fighting
  3482 | D:5      | Reached skill level 6 in Axes
  3537 | D:5      | XOM: divination: detect items
  3834 | D:5      | Reached XP level 7. HP: 61/61 MP: 6/6
  3856 | D:5      | Reached skill level 7 in Axes
  4041 | D:5      | Reached skill level 5 in Armour
  4043 | D:5      | XOM: cast spell 'Summon Small Mammal'
  4143 | D:5      | XOM: divination: magic mapping
  4217 | D:5      | XOM: potion effect (haste)
  4222 | D:5      | XOM: harmless Summ miscast
  4251 | D:5      | Found Owubavo's Antique Armour Shoppe.
  4255 | D:5      | Bought an ancient ring mail for 216 gold pieces
  4265 | D:5      | Identified the +2 ring mail of Incorporation {rC+ rN+} (You bought it in a shop on level 5 of the Dungeon)
  4353 | D:5      | XOM: divination: detect creatures
  4363 | D:5      | Found the +5 demon whip "Spellbinder" {antimagic, MR+}
  4574 | D:6      | XOM: medium Necr miscast
  4745 | D:6      | XOM: cast spell 'Olgreb's Toxic Radiance'
  4748 | D:6      | Reached skill level 1 in Maces & Flails
  4755 | D:6      | Noticed Pikel
  4757 | D:6      | XOM: scenery: create altars
  4762 | D:6      | HP: 20/62 [Pikel/whip of electrocution (18)]
  4763 | D:6      | XOM: cast spell 'Alistair's Intoxication'
  4764 | D:6      | XOM: mild Tloc miscast
  4769 | D:6      | HP: 9/62 [slave[Pikel] (2)]
  4770 | D:6      | XOM: harmless Erth miscast
  4775 | D:6      | HP: 2/62 [Pikel/whip of electrocution (9)]
  4776 | D:6      | Slain by Pikel

Skill      XL: |  1  2  3  4  5  6  7 |
---------------+----------------------+-----
Axes           | 4 5 6 7 |  7.4
Fighting       | 4 5 |  5.9
Armour         | 3 4 5 |  5.2
Dodging        | 2 3 4 |  4.2
Maces & Flails | 1 |  1.2

Action                   |  1- 3 |  4- 6 |  7- 9 || total
-------------------------+-------+-------+-------++-------
Melee: Hand axe          |   114 |   118 |    32 ||   264
       Headbutt          |    15 |    21 |    13 ||    49
       Demon whip        |       |       |    39 ||    39
  Use: Scroll            |     6 |     3 |     2 ||    11
 Stab: Paralysed         |       |     1 |     3 ||     4
       Confused          |       |     2 |       ||     2
  Eat: Chunk             |     3 |     6 |     2 ||    11
Armor: Leather armour    |    30 |    27 |     5 ||    62
       Ring mail         |       |       |    16 ||    16
Dodge: Dodged            |    79 |    86 |    36 ||   201

Vault maps used:
D:1:      dpeg_arrival_three_same_balls
D:2:      okawaru_ov_weapons_minmay
D:3:      nicolae_overflow_hidden_temple
D:4:      first_ration
D:5:      minmay_temple_entry_statues, serial_shops, kennysheep_mini
D:6:      minivault_1, corexii_item_surrounded_by_moat, uniq_pikel
